 Dungeon Crawl Stone Soup version 0.30.1-3-gfc49f6343a (webtiles) character file.

Game seed: 5228487946390261371

113841 javelincjr the Warrior (level 16, 0/127 (136) HPs)
             Began as a Demonspawn Fighter on July 18, 2023.
             Was the Champion of Makhleb.
             Killed from afar by a deep elf pyromancer (16 damage)
             ... with a bolt of fire
             ... on level 1 of the Elven Halls on July 19, 2023.
             The game lasted 02:41:21 (25103 turns).

javelincjr the Warrior (Demonspawn Fighter)        Turns: 25103, Time: 02:41:24

HP:   0/127 (136)   AC: 27    Str: 31    XL:     16   Next: 15%
MP:   25/25         EV: 18    Int:  8    God:    Makhleb [******]
Gold: 1686          SH: 18    Dex: 12    Spells: 15/15 levels left

rFire   + . .        f - +0 trident (protect)
rCold   . . .        W - +2 tower shield
rNeg    . . .        t - +5 ring mail "Foulyn" {Will+ Str+2}
rPois   .            (helmet unavailable)
rElec   .            C - +2 cloak
rCorr   .            M - +1 pair of gloves of Esilaesch {rF+}
SInv    .            w - +2 pair of boots {Stlth+}
Will    ++...        d - amulet of regeneration
Stlth   ++           v - +6 ring of strength
HPRegen 1.21/turn    S - +4 ring of protection
MPRegen 0.19/turn

%: no passive effects
@: mighty, agile, drained, unable to read
A: horns 3, icy blue scales 1, ignite blood 1, powered by pain 3, dopey 1, weak
1, inability to read after injury 1
a: Renounce Religion, Minor Destruction, Lesser Servant of Makhleb, Major
Destruction, Greater Servant of Makhleb


You were on level 1 of the Elven Halls.
You worshipped Makhleb.
Makhleb was exalted by your worship.
You visited 5 branches of the dungeon, and saw 23 of its levels.
You also visited: Sewer, Gauntlet and Ice Cave.

You collected 2250 gold pieces.
You spent 564 gold pieces at shops.

Inventory:

Hand Weapons
 a - a +2 trident of flaming
 f - a +0 trident of protection (weapon)
 B - the +8 sling "Kyllig" {elec, rF+ rN+}
   (You found it on level 11 of the Dungeon)

   rF:        It protects you from fire.
   rN:        It protects you from negative energy.
 Z - the +10 arbalest of Doom {antimagic, rF++ Str+4 Int-2}
   (You bought it in a shop on level 2 of the Orcish Mines)

   Str:       It affects your strength (+4).
   Int:       It affects your intelligence (-2).
   rF:        It greatly protects you from fire.
Missiles
 q - 12 silver javelins
 r - 57 poisoned darts (quivered)
Armour
 n - a +1 plate armour of cold resistance
 t - the +5 ring mail "Foulyn" (worn) {Will+ Str+2}
   (You bought it in a shop on level 2 of the Orcish Mines)

   Str:       It affects your strength (+2).
   Will:      It increases your willpower.
 w - a +2 pair of boots of stealth (worn)
 C - a +2 cloak (worn)
 K - a +1 kite shield of cold resistance
 M - the +1 pair of gloves of Esilaesch (worn) {rF+}
   (You found it in a Gauntlet)

   rF:        It protects you from fire.
 W - a +2 tower shield (worn)
Jewellery
 d - an amulet of regeneration (around neck)
 e - a ring of resist corrosion
 g - a ring of see invisible
 k - a +5 ring of evasion
 p - an amulet of guardian spirit
 v - a +6 ring of strength (left hand)
 z - the ring "Taystif" {Ice Contam Dex+3}
   (You found it on level 1 of the Lair of Beasts)

   [ring of ice]

   It enhances your ice magic.
   Dex:       It affects your dexterity (+3).
   rF:        It makes you vulnerable to fire.
   rC:        It protects you from cold.
   Contam:    It causes magical contamination when unequipped.
 G - a ring of flight
 S - a +4 ring of protection (right hand)
 X - a ring of poison resistance
Wands
 c - a wand of flame (14)
 j - a wand of paralysis (2)
 A - a wand of digging (5)
 D - a wand of acid (8)
 L - a wand of mindburst (10)
 V - a wand of roots (16)
Scrolls
 i - 3 scrolls of torment
 o - 3 scrolls of fog
 u - 4 scrolls of vulnerability
 F - 2 scrolls of fear
 I - 5 scrolls of teleportation
 J - 2 scrolls of summoning
 O - 6 scrolls of magic mapping
 P - 2 scrolls of brand weapon
 Q - 2 scrolls of blinking
 R - 2 scrolls of immolation
 Y - 4 scrolls of identify
Potions
 b - 3 potions of resistance
 h - 5 potions of cancellation
 l - 10 potions of curing
 m - 2 potions of haste
 s - 4 potions of invisibility
 E - 5 potions of flight
 H - 4 potions of lignification
 N - a potion of berserk rage
 T - 2 potions of ambrosia
Miscellaneous
 x - a box of beasts
 y - a tin of tremorstones (inert)
 U - a lightning rod (4/4)


   Skills:
 * Level 15.1 Fighting
 - Level 10.3 Polearms
 * Level 6.6 Ranged Weapons
 + Level 10.7 Armour
 + Level 9.2 Dodging
 + Level 2.3 Stealth
 + Level 10.7 Shields
 + Level 12.8 Invocations
 + Level 7.7 Evocations


You had 15 spell levels left.
You didn't know any spells.
Your spell library contained the following spells:

 Spells                   Type           Power      Damage    Failure   Level
 Beastly Appendage        Tmut           0%         N/A       83%         1
 Freeze                   Ice            0%         1d3       83%         1
 Magic Dart               Conj           0%         1d3       83%         1
 Sandblast                Erth           0%         2d4       83%         1
 Shock                    Conj/Air       0%         1d3       83%         1
 Call Imp                 Summ           0%         N/A       92%         2
 Passwall                 Tmut/Erth      0%         N/A       92%         2
 Searing Ray              Conj           0%         2d4       92%         2
 Wereblood                Tmut           0%         N/A       92%         2
 Frozen Ramparts          Ice            0%         1d1       99%         3
 Gell's Gravitas          Tloc           0%         N/A       99%         3
 Hailstorm                Conj/Ice       0%         3d3       99%         3
 Mephitic Cloud           Conj/Pois/Air  0%         N/A       99%         3
 Spider Form              Tmut/Pois      0%         N/A       99%         3
 Stone Arrow              Conj/Erth      0%         3d7       99%         3
 Swiftness                Air            0%         N/A       99%         3
 Teleport Other           Tloc           0%         N/A       99%         3
 Vhi's Electric Charge    Tloc/Air       0%         N/A       99%         3
 Airstrike                Air            0%         2d(0-16)  100%        4
 Fulminant Prism          Conj/Hex       0%         3d5       100%        4
 Ice Form                 Ice/Tmut       0%         N/A       100%        4
 Olgreb's Toxic Radiance  Pois           0%         N/A       100%        4
 Arcjolt                  Conj/Air       0%         1d10      100%        5
 Dispersal                Tloc           0%         N/A       100%        6
 Plasma Beam              Fire/Air       0%         2x1d11    100%        6
 Discord                  Hex            0%         N/A       100%        8
 Ignition                 Fire           0%         3d3       100%        8


Dungeon Overview and Level Annotations

Branches:
Dungeon (14/15)            Temple (1/1) D:5            Lair (5/5) D:9
 Shoals (0/4) Lair:2       Spider (0/4) Lair:2        Slime (0/5) Lair:5
    Orc (2/2) D:12            Elf (1/3) Orc:2         Sewer (visited)
  IceCv (visited)         Gauntlet (visited)
 Vaults: D:13-14

Altars:
Ashenzari
Cheibriados
Dithmenos
Fedhas
Gozag
Hepliaklqana
Kikubaaqudgha
Makhleb
Nemelex Xobeh
Okawaru
Qazlal
Ru
Sif Muna
Trog
Uskayaw
Vehumet
Wu Jian
Xom
Yredelemnul

Shops:
D:1 (   D:8 ?::   Orc:2 *(([?

Annotations:
D:6 1 runed translucent door, d4rk's ghost, novice DsGl


Innate Abilities, Weirdness & Mutations

You have a pair of large horns on your head.
You are partially covered in icy blue scales. (AC +2)
Your demonic aura sometimes causes spilled blood to erupt in flames.
You are powered by pain.
You are dopey. (Int -2)
You are weak. (Str -2)
You occasionally lose the ability to read scrolls when taking damage.


Message History

* * * LOW HITPOINT WARNING * * *
Your Executioner closely misses the +4 heavy flail.
Your Executioner hits the +4 heavy flail.
Your Executioner barely misses the +4 heavy flail.
The deep elf zephyrmancer mumbles some strange words.
The deep elf zephyrmancer blinks!
Your Executioner barely misses the +4 heavy flail. x3
You feel better.
Your Executioner gestures.
Your Executioner seems to speed up.
The +4 heavy flail hits you but does no damage.
A deep elf pyromancer comes into view. It is wielding a +0 dagger.
Something hits your Executioner.
Your Executioner hits the +4 heavy flail.
Your Executioner closely misses the +4 heavy flail. x2
You closely miss the +4 heavy flail.
The +4 heavy flail is lightly damaged.
Your Executioner hits the +4 heavy flail!
Your Executioner hits the +4 heavy flail.
Your Executioner completely misses the +4 heavy flail.
Your Executioner hits the +4 heavy flail!
The +4 heavy flail falls from the air.
Makhleb accepts your kill.
The deep elf zephyrmancer points at you and mumbles some strange words.
The bolt of lightning hits you!
* * * LOW HITPOINT WARNING * * *
Something hits your Executioner.
You feel better.
Your Executioner hits the deep elf zephyrmancer!!
Your Executioner barely misses the deep elf zephyrmancer.
Your Executioner hits the deep elf zephyrmancer.
Your Executioner hits the deep elf zephyrmancer!!
The deep elf zephyrmancer dies!
Makhleb accepts your kill.
A deep elf knight comes into view. It is wielding a +0 short sword.
The deep elf pyromancer gestures at you while chanting.
The bolt of fire hits your Executioner.
Your Executioner resists.
The bolt of fire hits you! You resist.
You die...

#...#######...#...
#.............#...
#.............'..)
#...#######...#... #
#...#.. #...#).. #.
#...# .. .#...#... #.
#...####'##...##'#
####..#..............)†.
......#@...........)).).
.......).....###########
...####1####e...
#...e...#.... #.......#
#### #.......#
.....8.e...
#.#.......#..
...#.......#...


You could see a deep elf knight, a deep elf pyromancer (ally target), a deep elf
zephyrmancer and a friendly Executioner (summoned, fast).

Vanquished Creatures
  Kirke (D:13)
  A stone giant (Orc:1)
  A deep elf annihilator (Elf:1)
  A minotaur (Gauntlet)
  4 dire elephants
  Snorg (D:12)
  A deep elf death mage (Elf:1)
  An ettin (Orc:1)
  Josephine (D:11)
  Harold (D:11)
  5 hydras
  2 catoblepae (Lair:5)
  An ogre mage (Orc:1)
  5 boulder beetles
  Erica (Lair:1)
  6 two-headed ogres
  5 dancing weapons (Elf:1)
  16 death yaks
  An orc high priest (Orc:2)
  A soul eater (Gauntlet)
  3 deep elf knights (Elf:1)
  3 spectral death yaks (Lair:5)
  A skeletal warrior (D:14)
  3 skysharks (Lair:5)
  A spectral anaconda (Lair:5)
  An obsidian statue (Lair:5)
  2 bog bodies (IceCv)
  A deep elf archer (Elf:1)
  3 lindwurms
  8 deep elf pyromancers
  4 necromancers
  3 harpies (Lair:2)
  An orc knight (Orc:1)
  2 deep elf zephyrmancers (Elf:1)
  2 stone giant zombies (Orc:1)
  7 ugly things
  19 cyclopes
  5 orc sorcerers
  25 elephants
  5 black mambas
  An ice statue (IceCv)
  A dire elephant zombie (Lair:5)
  A gargoyle (D:11)
  2 unseen horrors
  2 torpor snails
  7 cane toads
  A rime drake (Lair:4)
  An efreet (D:14)
  9 komodo dragons
  2 kobold demonologists (D:9)
  A freezing wraith (D:14)
  An anaconda simulacrum (IceCv)
  A hellwing (Gauntlet)
  4 trolls
  A hornet (D:8)
  A polar bear (Lair:5)
  2 spectral elephants (Lair:5)
  9 blink frogs (Lair:5)
  4 jumping spiders (Lair:1)
  Sigmund (D:3)
  6 slime creatures
  4 shadows
  5 culicivoras (Lair:2)
  2 air elementals (Elf:1)
  6 wraiths
  A dire elephant simulacrum (IceCv)
  3 hogs (D:12)
  A vampire (D:10)
  5 wyverns
  40 yaks
  A fire elemental (Elf:1)
  A water elemental (Elf:1)
  A redback (Lair:1)
  3 basilisks
  2 steam dragons
  2 vampire mosquitoes (D:11)
  6 wargs
  4 death yak simulacra
  4 acid dragons
  A harpy simulacrum (IceCv)
  6 water moccasins
  A hydra simulacrum (IceCv)
  2 sky beasts
  19 orc warriors
  3 black bears
  An ice beast (D:8)
  10 ogres
  2 elephant skeletons (Lair:5)
  13 wolves
  5 centaurs
  8 kobold brigands
  A phantom (D:5)
  15 bullfrogs
  2 earth elementals (Elf:1)
  3 two-headed ogre simulacra (IceCv)
  2 gnoll sergeants
  2 cane toad simulacra
  3 scorpions
  2 cyclops zombies (Orc:1)
  10 wights
  2 elephant simulacra (IceCv)
  6 killer bees
  2 howler monkeys
  2 electric eels (Lair:3)
  A vampire bat (Orc:1)
  3 lava snakes (Lair:1)
  3 jellies
  24 orc priests
  2 hounds
  Crazy Yiuf (D:3)
  3 gnoll boudas
  3 iguanas
  A sleepcap (D:7)
  A polar bear simulacrum (IceCv)
  31 orc wizards
  8 spriggan simulacra (IceCv)
  7 troll simulacra (IceCv)
  4 wolf simulacra (IceCv)
  16 gnolls
  10 adders
  4 naga simulacra (IceCv)
  A river rat (Sewer)
  4 shadow imps
  6 white imps
  6 ufetubi
  2 worms
  79 orcs
  7 ball pythons
  12 bats
  4 endoplasms
  5 giant cockroaches
  8 goblins
  7 hobgoblins
  4 jackals
  4 quokkas
  4 frilled lizards
  23 kobolds
  12 rats
737 creatures vanquished.

Vanquished Creatures (collateral kills)
  2 boulder beetles
  A dancing weapon (Elf:1)
  2 deep elf archers (Elf:1)
  A deep elf zephyrmancer (Elf:1)
  A hellwing (Gauntlet)
  A yak (Lair:2)
  An orc (Orc:1)
9 creatures vanquished.

Vanquished Creatures (others)
  A vampire mosquito (D:12)
  An orc wizard (Orc:2)
2 creatures vanquished.

Grand Total: 748 creatures vanquished

Notes
Turn   | Place    | Note
-------+----------+-------------------------------------------
     0 | D:1      | javelincjr the Demonspawn Fighter began the quest for the
                  | Orb.
     0 | D:1      | Reached XP level 1. HP: 18/18 MP: 1/1
   200 | D:1      | Gained mutation: You sometimes gain a little power by
                  | taking damage. [demonic ancestry]
   200 | D:1      | Reached XP level 2. HP: 18/24 MP: 2/2
   651 | D:1      | Found Umoufyjagg's Weapon Shop.
  1003 | D:2      | Reached XP level 3. HP: 29/29 MP: 3/3
  1633 | D:3      | Noticed a kobold brigand
  1662 | D:3      | Killed a kobold brigand
  1663 | D:3      | Gained mutation: You have a pair of small horns on your
                  | head. [demonic ancestry]
  1663 | D:3      | Reached XP level 4. HP: 10/37 MP: 1/4
  1666 | D:3      | Gained mutation: You have a pair of horns on your head.
                  | [demonic ancestry]
  1666 | D:3      | Reached XP level 5. HP: 12/42 MP: 2/5
  1878 | D:3      | Found a runed translucent door.
  1879 | D:3      | Noticed Crazy Yiuf
  1885 | D:3      | Killed Crazy Yiuf
  1886 | D:3      | Reached skill level 4 in Fighting
  1964 | D:3      | Found a glowing drain.
  1985 | Sewer    | Entered a sewer
  2118 | Sewer    | Reached XP level 6. HP: 33/49 MP: 3/6
  2417 | D:3      | Found a faded altar of an unknown god.
  2468 | D:3      | Noticed Sigmund
  2474 | D:3      | Killed Sigmund
  2475 | D:3      | Reached XP level 7. HP: 50/55 MP: 7/7
  2893 | D:4      | Reached skill level 5 in Fighting
  3454 | D:5      | Entered Level 5 of the Dungeon
  3530 | D:5      | Found a staircase to the Ecumenical Temple.
  3543 | Temple   | Entered the Ecumenical Temple
  3655 | Temple   | Became a worshipper of Makhleb the Destroyer
  3999 | D:5      | Reached skill level 5 in Shields
  4025 | D:5      | Reached skill level 5 in Armour
  4025 | D:5      | Reached XP level 8. HP: 60/63 MP: 8/8
  4315 | D:5      | Reached skill level 1 in Invocations
  4745 | D:6      | Reached skill level 6 in Fighting
  4745 | D:6      | Reached skill level 1 in Dodging
  4838 | D:6      | Found a shadowy altar of Dithmenos.
  4862 | D:6      | Found a runed translucent door.
  4863 | D:6      | Noticed d4rk's ghost (novice DsGl)
  4908 | D:6      | Reached skill level 5 in Polearms
  5261 | D:7      | Reached * piety under Makhleb
  5353 | D:7      | Gained mutation: Your demonic aura sometimes causes spilled
                  | blood to erupt in flames. [demonic ancestry]
  5353 | D:7      | Reached XP level 9. HP: 62/71 MP: 9/11
  5390 | D:7      | Reached skill level 7 in Fighting
  5529 | D:7      | Reached ** piety under Makhleb
  5982 | D:8      | Noticed a two-headed ogre
  5995 | D:8      | Killed a two-headed ogre
  6127 | D:8      | Found Qumomuac's Magic Scroll Emporium.
  6283 | D:8      | Found Racymora's Book Shop.
  6295 | D:8      | Reached skill level 8 in Fighting
  6312 | D:8      | Found an opulent altar of Gozag.
  6527 | D:8      | Found Tecuny's Book Shoppe.
  6590 | D:8      | Noticed a boulder beetle
  6801 | D:8      | Killed a boulder beetle
  6802 | D:8      | Reached skill level 5 in Invocations
  6802 | D:8      | Gained mutation: You sometimes gain power by taking damage.
                  | [demonic ancestry]
  6802 | D:8      | Reached XP level 10. HP: 45/80 MP: 8/13
  7159 | D:8      | Noticed a two-headed ogre
  7323 | D:8      | Killed a two-headed ogre
  7341 | D:8      | Noticed a cyclops
  7347 | D:8      | Killed a cyclops
  7352 | D:8      | Reached skill level 9 in Fighting
  7607 | D:8      | Noticed a red ugly thing
  7652 | D:8      | Killed a red ugly thing
  8103 | D:9      | Noticed a rust devil
  8120 | D:8      | Reached XP level 11. HP: 16/89 MP: 1/16
  8141 | D:8      | Reached *** piety under Makhleb
  8406 | D:9      | Found a large runed translucent door.
  8407 | D:9      | Found a large runed translucent door.
  8463 | D:9      | Noticed a sixfirhy
  8602 | D:9      | Found a staircase to the Lair.
  8736 | D:9      | Found a basalt altar of Yredelemnul.
  8746 | D:9      | Found a hide-covered altar of Uskayaw.
  8782 | D:10     | Entered Level 10 of the Dungeon
  8844 | D:10     | Found an ornate altar of the Wu Jian Council.
  8880 | D:10     | Found a sparkling altar of Nemelex Xobeh.
  9266 | D:10     | Reached skill level 10 in Fighting
  9266 | D:10     | Reached skill level 5 in Dodging
  9683 | D:10     | Noticed a two-headed ogre
  9692 | D:10     | Killed a two-headed ogre
  9692 | D:10     | Reached **** piety under Makhleb
 10160 | D:11     | Noticed a boulder beetle
 10179 | D:11     | Killed a boulder beetle
 10320 | D:11     | Noticed Harold
 10333 | D:11     | Killed Harold
 10342 | D:11     | Noticed Josephine
 10545 | D:11     | Killed Josephine
 10546 | D:11     | Reached skill level 1 in Evocations
 10546 | D:11     | Reached XP level 12. HP: 67/98 MP: 16/18
 10551 | D:11     | Reached skill level 11 in Fighting
 11034 | D:11     | Identified the +8 sling "Kyllig" {elec, rF+ rN+}
 11157 | D:12     | Noticed a two-headed ogre
 11183 | D:12     | Noticed Snorg
 11334 | D:12     | Noticed a two-headed ogre
 11365 | D:11     | Killed a two-headed ogre
 11610 | D:12     | Killed a two-headed ogre
 12247 | D:12     | Found a staircase to the Orcish Mines.
 12387 | D:13     | Noticed Kirke
 12480 | D:12     | Reached ***** piety under Makhleb
 12496 | D:13     | Killed Kirke
 12546 | D:13     | Noticed a centaur warrior
 12548 | D:13     | Noticed a boulder beetle
 12572 | D:12     | Killed a boulder beetle
 12573 | D:12     | Reached skill level 1 in Ranged Weapons
 12648 | D:12     | Killed Snorg
 12851 | D:12     | You fall into a shaft and drop 2 floors!
 12860 | D:14     | Noticed an eight-headed hydra
 12864 | D:14     | Killed an eight-headed hydra
 12872 | D:14     | Reached skill level 12 in Fighting
 12886 | D:14     | Gained mutation: You have a pair of large horns on your
                  | head. [demonic ancestry]
 12886 | D:14     | Reached XP level 13. HP: 77/108 MP: 14/20
 13445 | Lair:1   | Entered Level 1 of the Lair of Beasts
 13468 | Lair:1   | Noticed Erica
 13476 | Lair:1   | Killed Erica
 14326 | Lair:1   | Found a runed translucent door.
 14360 | Lair:1   | Reached skill level 10 in Invocations
 14608 | Lair:1   | Identified the +2 hat "Maddoibb" {Contam +Blink Str+2}
 14610 | Lair:1   | Identified the +10 whip "Satufevum" {holy, rC+ Int+4}
 14611 | Lair:1   | Found a runed translucent gate.
 14611 | Lair:1   | Found a runed translucent gate.
 14611 | Lair:1   | Found a runed translucent gate.
 14611 | Lair:1   | Found a runed translucent gate.
 14611 | Lair:1   | Found a runed translucent gate.
 14611 | Lair:1   | Found a runed translucent gate.
 14983 | Lair:1   | Identified the ring "Taystif" {Ice Contam Dex+3}
 15773 | Lair:2   | Found a staircase to the Shoals.
 16063 | Lair:2   | Found a hole to the Spider Nest.
 16664 | Lair:3   | Reached skill level 5 in Evocations
 16803 | Lair:2   | Reached skill level 13 in Fighting
 17058 | Lair:2   | Gained mutation: You are partially covered in icy blue
                  | scales. (AC +2) [demonic ancestry]
 17058 | Lair:2   | Reached XP level 14. HP: 90/118 MP: 18/22
 17849 | Lair:4   | Found a gate leading to a gauntlet.
 17865 | Gauntlet | Entered a Gauntlet
 17865 | Gauntlet | Found a transporter.
 17871 | Gauntlet | Found a transporter.
 17875 | Gauntlet | Found a transporter.
 17881 | Gauntlet | Found a transporter.
 17889 | Gauntlet | Found a transporter.
 17893 | Gauntlet | Found a transporter.
 17898 | Gauntlet | Found a transporter.
 17905 | Gauntlet | Found a transporter.
 17905 | Gauntlet | Noticed a reaper
 17909 | Gauntlet | Found a transporter.
 17915 | Gauntlet | Found a transporter.
 17922 | Gauntlet | Found a transporter.
 17926 | Gauntlet | Found a transporter.
 17931 | Gauntlet | Found a transporter.
 17938 | Gauntlet | Found a transporter.
 17944 | Gauntlet | Found a runed translucent door.
 18109 | Gauntlet | Identified the +1 robe of the Brewing Gods {rF++ Will-
                  | Int+5}
 18655 | Gauntlet | Identified the +1 pair of gloves of Esilaesch {rF+}
 18656 | Gauntlet | Got the Octavo of Changing
 19380 | Lair:5   | Entered Level 5 of the Lair of Beasts
 19696 | Lair:5   | Reached skill level 5 in Ranged Weapons
 19768 | Lair:5   | Reached skill level 14 in Fighting
 19768 | Lair:5   | Reached skill level 10 in Shields
 19770 | Lair:5   | Reached skill level 10 in Armour
 19777 | Lair:5   | Reached ****** piety under Makhleb
 19843 | Lair:5   | Gained mutation: You are powered by pain. [demonic
                  | ancestry]
 19843 | Lair:5   | Reached XP level 15. HP: 102/126 MP: 23/23
 20701 | Lair:5   | Reached skill level 10 in Polearms
 20943 | Lair:5   | Found a staircase to the Slime Pits.
 21184 | Orc:1    | Entered Level 1 of the Orcish Mines
 21240 | Orc:1    | Found a frozen archway.
 21264 | IceCv    | Entered an ice cave
 22580 | Orc:1    | Identified the +3 quarterstaff of Due Proportion {elec,
                  | rPois rF+ Will+ Str+2}
 23027 | Orc:2    | Entered Level 2 of the Orcish Mines
 23081 | Orc:2    | Found a staircase to the Elven Halls.
 23130 | Orc:2    | Found Paunenil's Overcharged Wands.
 23213 | Orc:2    | Gained mutation: You occasionally lose the ability to read
                  | scrolls when taking damage. [a neqoxec]
 23214 | Orc:2    | Gained mutation: You are dopey. (Int -2) [a neqoxec]
 23218 | Orc:2    | Gained mutation: You are weak. (Str -2) [a neqoxec]
 23240 | Orc:2    | Paralysed by an orc sorcerer for 3 turns
 23264 | Orc:2    | Reached skill level 1 in Stealth
 23296 | Orc:2    | Paralysed by an orc sorcerer for 3 turns
 23359 | Orc:2    | Found Jocsaezo's Antique Weapon Emporium.
 23359 | Orc:2    | Found Xivumynu's Antique Armour Shoppe.
 23365 | Orc:2    | Found Kaken's Antique Weapon Emporium.
 23365 | Orc:2    | Found Sops's Magic Scroll Shoppe.
 23374 | Orc:2    | Bought an iridescent arbalest for 294 gold pieces
 23374 | Orc:2    | Identified the +10 arbalest of Doom {antimagic, rF++ Str+4
                  | Int-2} (You bought it in a shop on level 2 of the Orcish
                  | Mines)
 23375 | Orc:2    | Bought a transparent ring mail for 270 gold pieces
 23375 | Orc:2    | Identified the +5 ring mail "Foulyn" {Will+ Str+2} (You
                  | bought it in a shop on level 2 of the Orcish Mines)
 23964 | Elf:1    | Entered Level 1 of the Elven Halls
 24334 | Elf:1    | Found a shimmering blue altar of Sif Muna.
 24441 | Elf:1    | HP: 1/106 [deep elf annihilator/bolt of lightning (23)]
 24446 | Elf:1    | Paralysed by an air elemental for 1 turns
 24447 | Elf:1    | Reached XP level 16. HP: 26/114 MP: 25/25
 24455 | Elf:1    | Paralysed by an air elemental for 1 turns
 24456 | Elf:1    | HP: 6/171 [air elemental/stunning burst (11)]
 24609 | Elf:1    | Reached skill level 15 in Fighting
 24644 | Elf:1    | Paralysed by an air elemental for 1 turns
 24652 | Elf:1    | Paralysed by an air elemental for 1 turns
 24656 | Elf:1    | Paralysed by an air elemental for 1 turns
 24661 | Elf:1    | Paralysed by an air elemental for 1 turns
 25100 | Elf:1    | HP: 5/125 [+4 heavy flail (2)]
 25103 | Elf:1    | Killed from afar by a deep elf pyromancer

Illustrated notes

Levels and vault maps discovered:
D:1:      mrwooster_arrival_statue_3, layout_basic, serial_shops,
          nicolae_shop_behind_doors
D:2:      layout_rooms, chequers_big_river, minmay_rat_gold_closets
D:3:      layout_rooms, lemuel_coloured_pillars_altar,
          cheibrodos_sewer_entry_sluice, hellmonk_ecumenical_altar_run_dry,
          uniq_sigmund, uniq_crazy_yiuf_cottage
D:4:      layout_gridville
D:5:      layout_cave_pools, minmay_temple_entry_statues_fountains,
          lemuel_flamethrower_2
D:6:      layout_rooms, nicolae_dithmenos_shadow_blocks,
          hellmonk_ghost_happy_afterlife
D:7:      layout_rooms, amcnicky_mini_corridor_feature
D:8:      kennysheep_windowed_halls, layout_basic,
          grunt_temple_overflow_gold_and_silver,
          mainiacjoe_overflow_tiny_flanked, serial_shops, shop,
          nicolae_lakefront_shop, shop
D:9:      layout_big_octagon, jmf_multi_god_temple2,
          grunt_lair_entry_orc_guard_hut
D:10:     minmay_inner_zag, layout_long_grid,
          mainiacjoe_overflow_surrounded_room, nicolae_overflow_crystal_walls,
          kennysheep_cross_bottleneck, chequers_serial_rivers_marsh
D:11:     layout_basic, uniq_harold, uniq_josephine
D:12:     layout_rooms, erik_orc_2, uniq_snorg
D:13:     layout_cave_pools, uniq_kirke
D:14:     lemuel_flame_loot_2, layout_irregular_city, david_vaults_3,
          minmay_strange_pillars, chequers_serial_rivers_marsh
Temple:   nicolae_temple_figure_eight
Lair:1:   gammafunk_indiana_jones, layout_long_grid, uniq_erica
Lair:2:   layout_cave_pods, nicolae_shoals_entry_roost,
          hellmonk_spider_entry_life_and_decay
Lair:3:   layout_big_grid, minivault_19, minivault_25, infiniplex_staircase_pool
Lair:4:   layout_gridlike, gauntlet_entry_generic
Lair:5:   due_jungle_book, layout_loops_ring, dpeg_slime_entry_enclosed
Orc:1:    giant_chief_lemuel, layout_diamond_mine,
          portal_ice_cave_entry_pillars_2, roderic_batcave
Orc:2:    st_orc_mages, layout_caves, nicolae_shop_overcharged_wands
Elf:1:    eino_elf_arrival_sip, layout_onion_city, serial_glass,
          glass_columns_b, glass_columns_a, glass_columns_c, glass_columns_a,
          item_on_display_a, minmay_strange_pillars, basic_altar, minivault_28,
          grunt_ministairs_9, lemuel_upstairs_altar

Skill      XL: |  1  2  3  4  5  6  7  8  9 10 11 12 13 14 15 16 |
---------------+-------------------------------------------------+-----
Polearms       | 2 3 4 5 6 7 8 9 10 | 10.3
Armour         | 3 4 5 6 7 8 9 10 | 10.7
Shields        | 3 4 5 6 7 8 9 10 | 10.7
Fighting       | 4 5 6 8 9 10 12 13 14 15 | 15.1
Invocations    | 3 5 6 8 9 10 11 12 | 12.8
Dodging        | 1 3 4 5 6 7 8 9 |  9.2
Evocations     | 1 3 5 6 7 |  7.7
Ranged Weapons | 1 3 5 6 |  6.6
Stealth        | 1 2 |  2.3

Action                     |  1- 3 |  4- 6 |  7- 9 | 10-12 | 13-15 | 16-18 || total
---------------------------+-------+-------+-------+-------+-------+-------++-------
  Melee: Trident           |   164 |   136 |   484 |   686 |  1545 |   133 ||  3148
         Headbutt          |       |    21 |   112 |   146 |   423 |    31 ||   733
   Fire: Sling             |       |       |       |   111 |   104 |       ||   215
         Arbalest          |       |       |       |       |     7 |       ||     7
  Throw: Dart              |       |       |    16 |    19 |     7 |       ||    42
 Invoke: Minor Destruction |       |       |       |     8 |    11 |       ||    19
         Lesser Servant of |       |       |       |     4 |     6 |       ||    10
         Major Destruction |       |       |       |       |     1 |       ||     1
         Greater Servant o |       |       |       |       |       |     1 ||     1
  Evoke: Tin of tremorston |       |       |       |     2 |     4 |     1 ||     7
         Wand              |       |       |       |     1 |     1 |       ||     2
         Lightning rod     |       |       |       |       |     7 |       ||     7
         Box of beasts     |       |       |       |       |     3 |       ||     3
    Use: Potion            |     1 |       |     1 |     4 |     8 |     2 ||    16
         Scroll            |       |       |    14 |     9 |    13 |       ||    36
   Stab: Invisible         |       |       |       |     3 |       |       ||     3
         Distracted        |       |       |       |       |     3 |     1 ||     4
         Petrified         |       |       |       |       |     9 |       ||     9
         Petrifying        |       |       |       |       |     1 |       ||     1
         Sleeping          |       |       |       |       |       |     1 ||     1
 Armour: Scale mail        |    37 |       |       |       |       |       ||    37
         Chain mail        |    13 |    37 |   216 |       |       |       ||   266
         Plate armour      |       |       |    15 |   357 |   685 |       ||  1057
         Ring mail         |       |       |       |       |    44 |    62 ||   106
  Dodge: Dodged            |    72 |    68 |   372 |   398 |   441 |    45 ||  1396
  Block: Buckler           |    36 |    18 |   141 |    17 |       |       ||   212
         Kite shield       |       |       |       |   238 |       |       ||   238
         Tower shield      |       |       |       |   231 |  1185 |    93 ||  1509
